 Dungeon Crawl Stone Soup version 0.32-a0-913-g739538afd8 (console) character file.

Game seed: 4711457948477459887

26 petzl the Sneak (level 3, -10/29 HPs)
             Began as a Formicid Delver on Apr 8, 2024.
             Mangled by a gnoll
             ... wielding a +0 flail
             ... led by a gnoll bouda
              (11 damage)
             ... on level 4 of the Dungeon.
             The game lasted 00:03:51 (462 turns).

petzl the Sneak (Formicid Delver)                    Turns: 462, Time: 00:04:21

Health: -10/29     AC:  3    Str: 16    XL:     3   Next: 22%
Magic:  6/6        EV: 11    Int: 11    God:
Gold:   19         SH:  0    Dex: 15    Spells: 6/6 levels left

rFire   . . .        a - +1 dagger (venom) {!f =f}
rCold   . . .        (no shield)
rNeg    . . .        i - +0 leather armour
rPois   .            (helmet unavailable)
rElec   .            (no cloak)
rCorr   .            (no gloves)
SInv    +            (no boots)
Will    .....        (no amulet)
Stlth   +++          (no ring)
HPRegen 0.24/turn    (no ring)
MPRegen 0.10/turn

%: no passive effects
@: weakened
A: permanent stasis, dig shafts and tunnels, antennae 3, four strong arms
a: Dig, Shaft Self


You were on level 4 of the Dungeon.
You visited 1 branch of the dungeon, and saw 3 of its levels.

You collected 19 gold pieces.

Inventory:

Hand Weapons
 a - a +1 dagger of venom (weapon) {!f =f}
 b - a +0 sling
 k - a +0 mace
Armour
 i - a +0 leather armour (worn)
Wands
 f - a wand of digging (3)
 h - a wand of acid (4)
Scrolls
 c - a scroll of fog
 d - a scroll of revelation
 e - a scroll of fear
 j - a scroll of noise {unknown}
 l - a scroll of identify {unknown}
Potions
 g - a potion of might {unknown}


   Skills:
 - Level 3.2 Fighting
 - Level 2.0 Maces & Flails
 + Level 0.8 Ranged Weapons
 - Level 1.7 Dodging
 - Level 6.0 Stealth
 + Level 2.0 Spellcasting
 + Level 1.0 Evocations


You had 6 spell levels left.
You didn't know any spells.
Your spell library contained the following spells:

 Spells                   Type           Power      Damage    Failure   Level
 Sublimation of Blood     Necr           1%         N/A       47%         2
 Petrify                  Alch/Erth      1%         N/A       98%         4
 Irradiate                Conj/Alch      0%         3d11      100%        5


Dungeon Overview and Level Annotations

Branches:
Dungeon (6/15)
 Temple: D:4-7

Altars:
Wu Jian

Annotations:
D:4 exclusions: adder and 2 bombardier beetles
D:5 exclusion: 2 orcs


Innate Abilities, Weirdness & Mutations

You cannot be hasted, slowed, berserked, paralysed or teleported.
You can dig through walls and to a lower floor.
You have a pair of large antennae on your head. (SInv)
Your four strong arms can wield two-handed weapons with a shield.


Message History

Unknown command.
A gnoll bouda comes into view. It is wielding a +0 club.
The gnoll shouts!
You hear a shout!
Really walk into a travel-excluded area?
Uppercase [Y]es or [N]o only, please.
Really walk into a travel-excluded area? [Y]es or [N]o only, please.
Really walk into a travel-excluded area? [Y]es or [N]o only, please.
Really walk into a travel-excluded area? [Y]es or [N]o only, please.
Really walk into a travel-excluded area?
Okay, then.
You shoot a sling bullet.
The sling bullet completely misses the gnoll.
You shoot a sling bullet.
The sling bullet hits the gnoll but does no damage.
A gnoll comes into view. It is wielding a +0 halberd.
You shoot a sling bullet.
The sling bullet hits the gnoll but does no damage.
You shoot a sling bullet.
The sling bullet barely misses the gnoll.
The gnoll bouda shouts!
The gnoll bouda barks out a call to the hunt!
The gnoll picks up the pace!
Your +1 dagger of venom {!f =f} begins to drip with poison!
a - a +1 dagger of venom (weapon)
{!f =f} A gnoll bouda breaks down the door.
The gnoll hits you with a +0 flail!
You hit the gnoll.
The gnoll is poisoned.
The gnoll is lightly wounded.
The gnoll misses you. The gnoll hits you with a +0 flail!
Are you sure you want to shaft yourself?
The gnoll completely misses you. The gnoll hits you with a +0 flail!
* * * LOW HITPOINT WARNING * * *
You begin to dig a shaft.
You continue digging a shaft.
The gnoll closely misses you.
The gnoll bouda gazes fiercely through you!
You feel your attacks grow feeble. The gnoll hits you with a +0 flail!
You die...

####.# ..#. .....# ..#.#####
.....+ ..#..... †....#
#.##...#####. .....#
#.##......... .....#
#.##........ .....#
#.##........
.....#####.##...#####+#
####........'..........
#......###†.........
..........# ###.#####.#
...#......# #.#####+####
.(.#......#####.)........#
.. #.#######.............#
.. #.# # ##.............# .
#.# ....'.g.g.@.......# #+
........#.g.......#
PP.PP....#.........#
P...P....#......[..#
..P..P...#.........#
.........#.........#
gP...P..##.......###
....P...P....##..%....#
.....PPP.P............#
................####)##
........####....###..##
#....................######
##....B####......##.........
.......###......###...######
................#........#
........###.....#........#
....##..# #.....#........#
... #.## #.##########...#


You could see a gnoll bouda and 2 gnolls.

Vanquished Creatures
  A gnoll (D:4)
  An adder (D:5)
  A dart slug (D:4)
  2 orcs (D:4)
  A ball python (D:4)
6 creatures vanquished.

Notes
Turn   | Place    | Note
-------+----------+-------------------------------------------
     0 | D:5      | petzl the Formicid Delver began the quest for the Orb.
     0 | D:5      | Reached XP level 1. HP: 18/18 MP: 1/1
     5 | D:5      | Noticed a scorpion
    64 | D:6      | Noticed a black bear
   100 | D:5      | Reached skill level 1 in Spellcasting
   100 | D:5      | Reached XP level 2. HP: 19/24 MP: 1/4
   136 | D:4      | Noticed a bombardier beetle
   328 | D:4      | Reached skill level 1 in Evocations
   328 | D:4      | Reached XP level 3. HP: 14/29 MP: 4/6
   402 | D:4      | Found an ornate altar of the Wu Jian Council.
   461 | D:4      | HP: 1/29 [gnoll/+0 flail[a gnoll bouda] (8)]
   462 | D:4      | Mangled by a gnoll

Illustrated notes

Levels and vault maps discovered:
D:4:      layout_basic, nicolae_wu_jian_immortal_techniques,
          nicolae_grassy_gnolls
D:5:      layout_basic, nicolae_ashenzari_panopticon, tgw_xom,
          minmay_temple_entry_butterflies
D:6:      layout_basic

Skill      XL: |  1  2 |
---------------+-------+-----
Spellcasting   | 1 2 |  2.0
Evocations     | 1 |  1.0
Fighting       | |  3.2
Maces & Flails | |  2.0
Ranged Weapons | |  0.8
Dodging        | |  1.7
Stealth        | |  6.0

Action                     || total
---------------------------++-------
  Melee: Mace              ||    10
         Dagger            ||     6
   Fire: Sling             ||    17
Ability: Shaft Self        ||     1
 Armour: Leather armour    ||    13
  Dodge: Dodged            ||    15

Table legend: (Time is in decaauts)
 A = Elapsed time spent in this place.
 B = Non-inter-level travel time spent in this place.
 C = Inter-level travel time spent in this place.
 D = Time resting spent in this place.
 E = Time spent auto-exploring this place.
 F = Levels seen in this place.
 G = Mean time per level.
                   A        B        C        D        E       F      G
               +--------+--------+--------+--------+--------+-----+--------+
         Total |    467 |    467 |      0 |    119 |     58 |   3 |  155.7 |
       Dungeon |    467 |    467 |      0 |    119 |     58 |   3 |  155.7 |
               +--------+--------+--------+--------+--------+-----+--------+

Top non-repeatable levels by time:
     D:4: 328 daAuts
     D:5: 101 daAuts
     D:6: 37 daAuts
